 Dungeon Crawl Stone Soup version 0.30.0-29-ga12c61a403 (webtiles) character file.

Game seed: 4735028109951229914

89469 Bnni the Earth Mage (level 16, -7/109 (129) HPs)
             Began as a Formicid Earth Elementalist on June 14, 2023.
             Was the Champion of Cheibriados.
             Killed from afar by a tengu reaver (38 damage)
             ... with a bolt of negative energy
             ... on level 13 of the Dungeon.
             The game lasted 00:57:57 (22090 turns).

Bnni the Earth Mage (Formicid Earth Elementalist)  Turns: 22090, Time: 00:57:58

HP:   -7/109 (129)  AC: 29    Str: 31    XL:     16   Next: 44%
MP:   7/31          EV: 14    Int: 47    God:    Cheibriados [******]
Gold: 539           SH: 13    Dex: 29    Spells: 22/38 levels left

rFire   . . .        z - +1 dagger (venom)
rCold   + . .        p - +0 buckler
rNeg    . . .        Q - +7 plate armour "Yriecua" {Drain Int+5}
rPois   +            (helmet unavailable)
rElec   +            L - +2 cloak of the Barnacle {*Slow rElec rPois Regen+}
rCorr   +            J - +0 pair of gloves
SInv    +            m - +1 pair of boots of the Black Moon {rElec rC+ Str+2}
Will    ++...        g - amulet of reflection Stlth
                     h - ring of Goximiz {Will+ rCorr Int+5}
HPRegen 1.18/turn    R - +4 ring of protection
MPRegen 0.22/turn

%: slow self (1%), reflection
@: corroded, studying Throwing, heavily drained, very slow
A: permanent stasis, dig shafts and tunnels, antennae 3, four strong arms
a: Dig, Shaft Self, Renounce Religion, Bend Time, Temporal Distortion, Slouch,
Step From Time


You were on level 13 of the Dungeon.
You worshipped Cheibriados.
Cheibriados was exalted by your worship.
You visited 4 branches of the dungeon, and saw 21 of its levels.
You visited 1 bazaar.
You also visited: Sewer and Volcano.

You collected 2169 gold pieces.
You spent 1630 gold pieces at shops.

Inventory:

Hand Weapons
 z - a +1 dagger of venom (weapon)
 K - a +2 eveningstar of draining
 N - a +0 scimitar of flaming
Missiles
 e - a throwing net
 r - 44 poisoned darts
 s - 2 curare-tipped darts
Armour
 m - the +1 pair of boots of the Black Moon (worn) {rElec rC+ Str+2}
   (You bought it in a shop in a bazaar)

   Str:       It affects your strength (+2).
   rC:        It protects you from cold.
   rElec:     It insulates you from electricity.
 p - a +0 buckler (worn)
 J - a +0 pair of gloves (worn)
 L - the +2 cloak of the Barnacle (worn) {*Slow rElec rPois Regen+}
   (You found it on level 8 of the Dungeon)

   rElec:     It insulates you from electricity.
   rPois:     It protects you from poison.
   Regen:     It increases your rate of health regeneration.
   *Slow:     It may slow you when you take damage.
 Q - the +7 plate armour "Yriecua" (worn) {Drain Int+5}
   (You bought it in a shop on level 2 of the Orcish Mines)

   Int:       It affects your intelligence (+5).
   Drain:     It drains your maximum health when unequipped.
Magical Staves
 A - a staff of death
Jewellery
 g - an amulet of reflection (around neck)
 h - the ring of Goximiz (left hand) {Will+ rCorr Int+5}
   (You found it on level 3 of the Dungeon)

   [ring of resist corrosion]

   Int:       It affects your intelligence (+5).
   rCorr:     It protects you from acid and corrosion.
   Will:      It increases your willpower.
 i - a ring of magical power
 R - a +4 ring of protection (right hand)
 S - a ring of flight
Wands
 a - a wand of charming (19)
 w - a wand of roots (24)
 x - a wand of digging (6)
 E - a wand of light (4)
 O - a wand of flame (5)
Scrolls
 o - 5 scrolls of magic mapping
 q - 5 scrolls of immolation
 t - 5 scrolls of fog
 u - 2 scrolls of poison
 y - a scroll of vulnerability
 B - 4 scrolls of fear
 D - 2 scrolls of brand weapon
 I - a scroll of silence
 M - 3 scrolls of enchant armour
 P - 6 scrolls of enchant weapon
Potions
 b - 3 potions of magic
 c - 6 potions of heal wounds
 d - 3 potions of attraction
 f - 5 potions of lignification
 j - 6 potions of brilliance
 k - 2 potions of resistance
 l - 3 potions of flight
 n - 15 potions of curing
 v - 3 potions of might
 C - 2 potions of cancellation
 F - a potion of degeneration {unknown}
 G - 5 potions of mutation
 H - a potion of ambrosia
 T - a potion of experience {unknown}
Miscellaneous
 V - a phial of floods


   Skills:
 + Level 12.5 Fighting
 + Level 10.5 Armour
 + Level 7.4 Dodging
 - Level 2.4 Stealth
 + Level 8.4 Shields
 + Level 11.7 Spellcasting
 - Level 3.0 Conjurations
 * Level 5.2 Necromancy
 - Level 3.0 Transmutations
 * Level 16.6 Earth Magic
 - Level 13.0 Invocations


You had 22 spell levels left.
You knew the following spells:

 Your Spells              Type           Power      Damage    Failure   Level
a - Sandblast             Erth           100%       2d20      0%          1
b - Passwall              Tmut/Erth      73%        N/A       1%          2
c - Stone Arrow           Conj/Erth      100%       3d13      1%          3
d - Petrify               Tmut/Erth      88%        N/A       1%          4
g - Animate Armour        Summ/Erth      100%       N/A       2%          4
s - Sublimation of Blood  Necr           67%        N/A       1%          2

Your spell library contained the following spells:

 Spells                   Type           Power      Damage    Failure   Level
 Beastly Appendage        Tmut           100%       N/A       1%          1
 Kiss of Death            Conj/Necr      100%       2d13      1%          1
 Magic Dart               Conj           100%       1d8       1%          1
 Vampiric Draining        Necr           67%        2d10      2%          3
 Searing Ray              Conj           100%       2d8       3%          2
 Wereblood                Tmut           54%        N/A       3%          2
 Slow                     Hex            100%       N/A       7%          1
 Animate Dead             Necr           67%        N/A       8%          4
 Dispel Undead            Necr           67%        3d23      8%          4
 Ensorcelled Hibernation  Hex/Ice        54%        N/A       11%         2
 Dazzling Flash           Conj/Hex       82%        N/A       11%         3
 Spider Form              Tmut/Pois      41%        N/A       11%         3
 Confusing Touch          Hex            27%        N/A       21%         3
 Frozen Ramparts          Ice            54%        1d9       21%         3
 Volatile Blastmotes      Fire/Tloc      54%        2d14      21%         3
 Fulminant Prism          Conj/Hex       20%        3d12      36%         4
 Ice Form                 Ice/Tmut       41%        N/A       36%         4
 Iskenderun's Mystic Bla  Conj/Tloc      41%        2d9       36%         4
 Irradiate                Conj/Tmut      27%        3d20      50%         5
 Manifold Assault         Tloc           27%        N/A       56%         4
 Summon Ice Beast         Ice/Summ       27%        N/A       56%         4
 Arcjolt                  Conj/Air       20%        1d30      71%         5
 Metabolic Englaciation   Hex/Ice        13%        N/A       88%         5
 Starburst                Conj/Fire      20%        6d7       99%         6
 Haunt                    Necr/Summ      25%        N/A       100%        7
 Storm Form               Tmut/Air       20%        N/A       100%        7
 Infestation              Necr           33%        N/A       100%        8
 Maxwell's Capacitive Co  Air            13%        ∞         100%        8
 Blink                    Tloc           Unusable   N/A       N/A         2
 Swiftness                Air            Unusable   N/A       N/A         3
 Vhi's Electric Charge    Tloc/Air       Unusable   N/A       N/A         3

Dungeon Overview and Level Annotations

Branches:
Dungeon (13/15)            Temple (1/1) D:6            Lair (5/5) D:9
 Shoals (0/4) Lair:3        Snake (0/4) Lair:2        Slime (0/5) Lair:5
    Orc (2/2) D:10            Elf (0/3) Orc:2        Vaults (0/5) D:13
  Sewer (visited)         Volcano (visited)

Altars:
Ashenzari
Cheibriados
Dithmenos
Elyvilon
Fedhas
Gozag
Hepliaklqana
Kikubaaqudgha
Makhleb
Nemelex Xobeh
Okawaru
Qazlal
Ru
Sif Muna
Trog
Uskayaw
Vehumet
Wu Jian
Xom
Yredelemnul
Zin
The Shining One
Jiyva

Shops:
D:4 !   D:11 *   D:12 =   Orc:2 **[([[


Innate Abilities, Weirdness & Mutations

You cannot be hasted, slowed, berserked, paralysed or teleported.
You can dig through walls and to a lower floor.
You have a pair of large antennae on your head. (SInv)
Your four strong arms can wield two-handed weapons with a shield.


Message History

Press: ? - help, Shift-Dir - straight line, f/p - tengu reaver
Aim: a tengu reaver, wielding a +3 great mace and wearing a +0 ring mail (severely wounded, ally target, 61% to hit)
The stone arrow hits the tengu reaver!
The tengu reaver is severely wounded.
The deep elf annihilator casts a spell.
The deep elf annihilator blinks!
The tengu reaver casts a spell at you. The bolt of acid hits you!! You resist.
* * * LOW HITPOINT WARNING * * *
The acid corrodes you!
You feel much better.
The tengu reaver points at you and mumbles some strange words.
The bolt of lightning misses you.
You hear an angry buzzing noise.
Unknown command.
The tengu reaver points at you and mumbles some strange words.
The bolt of cold hits your animated plate armour!!
The bolt of cold misses you.
Unknown command.
The deep elf annihilator casts a spell.
The deep elf annihilator blinks!
The tengu reaver points at you and mumbles some strange words.
The bolt of negative energy hits your animated plate armour.
Your animated plate armour completely resists.
The bolt of negative energy misses you.
Unknown command.
The tengu reaver points at you and mumbles some strange words.
The bolt of acid hits your animated plate armour!!
Your animated plate armour is destroyed!
Your animated plate armour disappears in a puff of smoke!
The bolt of acid hits you! You resist.
The tengu reaver points at you and mumbles some strange words.
The bolt of lightning hits you! You resist.
* * * LOW HITPOINT WARNING * * *
You hear an angry buzzing noise. x2
Casting: Stone Arrow (safe; 1% risk of failure)
Confirm with . or Enter, or press ? or * to list all spells.
The tengu reaver gestures at you while chanting.
The bolt of negative energy hits you!!!
You feel drained.
You die...

. .........########..###
#######....#...........
...........#.....###### {
#..#....#..###...# #
##...#..###...###### #.
##..#..#...........
..#..####[#..#..#########
.....Q....#..#..#........
...e......@.#.[#..#........
....#..####.#..#..#........ #.
##..#.. #.#..####......⌠. #.
....§. #.#..####....≈≈.§ #. ....
#.#..#..#....≈... #.# #..#
##.#..#..#...⌠..⌠. #..###..#
##..#..#..#...§≈§[. #...##..#
##...#..#..#....§§.≈
.#....#..#####....#..#..#......⌠.


You could see a tengu reaver (ally target), a deep elf annihilator and a
friendly animated plate armour (summoned).

Vanquished Creatures
  A hydra (Lair:5)
  A boulder beetle (D:12)
  A two-headed ogre (D:11)
  3 death yaks
  Urug (Lair:1)
  2 wizards
  Pikel (D:4)
  A necromancer (Lair:5)
  An orc knight (Orc:2)
  A deep elf pyromancer (D:12)
  An obsidian statue (Lair:5)
  2 orc sorcerers
  A manticore (D:7)
  2 cyclopes (D:12)
  5 elephants
  A dire elephant zombie (Lair:5)
  2 black mambas
  A gargoyle (D:10)
  Joseph (D:9)
  12 cane toads
  A yaktaur (D:13)
  5 rime drakes
  10 komodo dragons
  Maggie (D:7)
  An efreet (D:13)
  4 trolls
  A polar bear (shapeshifter) (D:13)
  A polar bear (Lair:3)
  Grinder (D:3)
  A spectral elephant (Lair:5)
  15 blink frogs
  Prince Ribbit (D:5)
  3 dream sheep
  A slime creature (D:13)
  Sigmund (D:6)
  3 shadows
  4 wyverns
  24 yaks
  2 wraiths
  5 basilisks
  2 vampire mosquitoes (D:12)
  2 steam dragons
  Eustachio (D:4)
  Grum (D:9)
  5 humans (D:13)
  A warg (D:10)
  3 acid dragons
  3 nagas (Lair:2)
  12 water moccasins
  Duvessa (D:4)
  An ice beast (D:5)
  3 sky beasts
  14 orc warriors
  2 ogres
  20 centaurs
  8 wolves
  3 phantoms
  A lemure (D:4)
  Blork the orc (D:4)
  2 kobold brigands
  11 bullfrogs
  A gnoll sergeant (D:4)
  4 scorpions
  9 wights
  Dowan (D:4)
  5 killer bees (D:8)
  2 howler monkeys
  An electric eel (Lair:3)
  2 jellies
  15 orc priests
  4 hounds
  A sleepcap (D:4)
  3 gnoll boudas
  3 iguanas
  20 orc wizards
  3 hell rats (Lair:3)
  13 adders
  35 gnolls
  9 river rats
  2 white imps
  2 ufetubi
  8 worms
  2 dart slugs
  70 orcs
  10 bats
  10 endoplasms
  5 giant cockroaches
  11 goblins
  8 hobgoblins
  16 jackals
  7 quokkas
  13 ball pythons
  9 frilled lizards
  23 kobolds
  24 rats
574 creatures vanquished.

Vanquished Creatures (collateral kills)
  Gastronok (Lair:2)
  An orc warlord (Orc:2)
  3 dire elephants (Lair:5)
  A vault guard (D:13)
  4 hydras
  A death knight (D:13)
  A dancing weapon (Volcano)
  2 boulder beetles (D:13)
  8 death yaks
  2 skeletal warriors (D:13)
  A spectral death yak (Lair:5)
  2 skysharks (Lair:5)
  A spectral anaconda (Lair:5)
  4 wizards
  5 necromancers
  3 orc knights
  An orc sorcerer (Orc:2)
  2 black mambas
  5 toenail golems (Volcano)
  A torpor snail (Lair:5)
  18 elephants
  A gargoyle (D:12)
  2 cane toads
  A rime drake (Lair:2)
  4 komodo dragons
  A yaktaur (shapeshifter) (D:13)
  A freezing wraith (D:13)
  3 trolls
  A polar bear (Lair:2)
  A blink frog (Lair:5)
  A snapping turtle (Lair:3)
  A spectral elephant (Lair:5)
  A dream sheep (Lair:5)
  33 yaks
  5 slime creatures
  A wraith (D:13)
  13 humans (D:13)
  A vampire mosquito (D:12)
  2 spectral cane toads (Lair:5)
  4 water moccasins
  15 orc warriors
  An ogre (Orc:2)
  A centaur (Orc:2)
  2 bullfrogs
  A cane toad simulacrum (Lair:5)
  5 orc priests
  3 hell rats (Lair:3)
  5 orc wizards
  11 orcs
188 creatures vanquished.

Vanquished Creatures (others)
  A wizard (Volcano)
  An orc priest (Orc:1)
2 creatures vanquished.

Grand Total: 764 creatures vanquished

Notes
Turn   | Place    | Note
-------+----------+-------------------------------------------
     0 | D:1      | Bnni the Formicid Earth Elementalist began the quest for
                  | the Orb.
     0 | D:1      | Reached XP level 1. HP: 13/13 MP: 3/3
   157 | D:1      | Reached XP level 2. HP: 19/19 MP: 3/5
   476 | D:1      | Learned a level 2 spell: Passwall
   715 | D:1      | Reached skill level 4 in Earth Magic
   715 | D:1      | Reached XP level 3. HP: 25/25 MP: 6/6
   947 | D:1      | Reached skill level 1 in Conjurations
  1378 | D:2      | You fall into a shaft and drop 1 floor!
  1439 | D:3      | Reached XP level 4. HP: 24/31 MP: 7/7
  1445 | D:3      | Reached skill level 1 in Fighting
  1452 | D:3      | Reached skill level 1 in Shields
  1483 | D:3      | HP: 1/32 [river rat (1)]
  1507 | D:3      | Found a glowing drain.
  1599 | Sewer    | Entered a sewer
  1616 | Sewer    | Reached XP level 5. HP: 32/37 MP: 8/8
  1622 | Sewer    | Learned a level 3 spell: Stone Arrow
  1923 | Sewer    | Reached XP level 6. HP: 43/43 MP: 9/10
  2074 | Sewer    | Reached skill level 5 in Earth Magic
  2254 | D:2      | Learned a level 4 spell: Petrify
  2331 | D:2      | Identified the +1 long sword of Puowk {chaos, Int+3}
  2938 | D:2      | Reached XP level 7. HP: 46/50 MP: 11/11
  3292 | D:3      | Found a faded altar of an unknown god.
  3693 | D:3      | Found a hide-covered altar of Uskayaw.
  3824 | D:3      | Noticed Grinder
  3830 | D:3      | Killed Grinder
  3915 | D:3      | Found a shadowy altar of Dithmenos.
  3944 | D:3      | Identified the ring of Goximiz {Will+ rCorr Int+5}
  4294 | D:4      | Reached skill level 5 in Shields
  4294 | D:4      | Reached XP level 8. HP: 47/57 MP: 13/13
  4296 | D:4      | Reached skill level 6 in Earth Magic
  4396 | D:4      | Found Agyvuh's Distillery.
  4457 | D:4      | Noticed Duvessa
  4459 | D:4      | Noticed Dowan
  4463 | D:4      | Killed Duvessa
  4466 | D:4      | Killed Dowan
  4509 | D:4      | Found an opulent altar of Gozag.
  4537 | D:4      | Reached skill level 7 in Earth Magic
  4589 | D:4      | Found an iron altar of Okawaru.
  4706 | D:4      | Noticed Pikel
  4723 | D:4      | Killed Pikel
  4724 | D:4      | Reached skill level 8 in Earth Magic
  4724 | D:4      | Reached XP level 9. HP: 33/66 MP: 14/16
  4915 | D:4      | Reached skill level 5 in Spellcasting
  5028 | D:4      | Noticed Eustachio
  5033 | D:4      | Killed Eustachio
  5034 | D:4      | Reached skill level 5 in Fighting
  5034 | D:4      | Reached skill level 9 in Earth Magic
  5370 | D:4      | Identified the +5 sling of Destiny {heavy, *Slow MP-9 Dex+7
                  | SInv}
  5657 | D:4      | Noticed Blork the orc
  5660 | D:4      | Killed Blork the orc
  5929 | D:5      | Entered Level 5 of the Dungeon
  5968 | D:5      | Reached skill level 10 in Earth Magic
  6048 | D:5      | Reached XP level 10. HP: 60/76 MP: 19/19
  6256 | D:5      | Noticed Prince Ribbit
  6261 | D:5      | Killed Prince Ribbit
  6454 | D:5      | Reached skill level 11 in Earth Magic
  6636 | D:6      | Reached skill level 1 in Invocations
  6677 | D:6      | Reached skill level 1 in Armour
  6750 | D:6      | Found a stormy altar of Qazlal.
  6812 | D:6      | Found a shimmering blue altar of Sif Muna.
  6832 | D:6      | Noticed Sigmund
  6836 | D:6      | Killed Sigmund
  6932 | D:6      | Found a staircase to the Ecumenical Temple.
  6944 | Temple   | Entered the Ecumenical Temple
  7113 | Temple   | Became a worshipper of Cheibriados the Contemplative
  7724 | D:7      | Found a burning altar of Makhleb.
  7805 | D:7      | Noticed Maggie
  7814 | D:7      | Killed Maggie
  7952 | D:7      | Reached * piety under Cheibriados
  8065 | D:7      | Reached skill level 12 in Earth Magic
  8089 | D:7      | Noticed a manticore
  8098 | D:7      | Killed a manticore
  8099 | D:7      | Reached XP level 11. HP: 29/84 MP: 16/21
  8286 | D:7      | Found a sacrificial altar of Ru.
  8424 | D:7      | Found a white marble altar of Elyvilon.
  8837 | D:8      | Identified the +2 cloak of the Barnacle {*Slow rElec rPois
                  | Regen+}
  8995 | D:8      | Reached ** piety under Cheibriados
  9074 | D:8      | Reached skill level 5 in Invocations
  9231 | D:8      | Found a glowing silver altar of Zin.
  9502 | D:9      | Reached *** piety under Cheibriados
  9620 | D:9      | Found a staircase to the Lair.
  9672 | D:9      | Noticed Joseph
  9678 | D:9      | Killed Joseph
  9874 | D:9      | Noticed Grum
  9887 | D:9      | Killed Grum
 10236 | D:9      | Reached skill level 13 in Earth Magic
 10335 | D:10     | Entered Level 10 of the Dungeon
 10387 | D:10     | Found a staircase to the Orcish Mines.
 10418 | D:10     | Reached **** piety under Cheibriados
 10813 | D:10     | Found a sparkling altar of Nemelex Xobeh.
 10845 | D:10     | Found an ornate altar of the Wu Jian Council.
 10995 | D:10     | Found a blossoming altar of Fedhas.
 11126 | D:11     | Found a flickering gateway to a bazaar.
 11140 | D:11     | Noticed a two-headed ogre
 11146 | D:11     | Killed a two-headed ogre
 11147 | D:11     | Reached skill level 5 in Armour
 11147 | D:11     | Reached XP level 12. HP: 94/94 MP: 24/24
 11153 | Bazaar   | Entered a bazaar
 11154 | Bazaar   | Found Jonoafo's Distillery.
 11164 | Bazaar   | Found Ucoqiag's Magic Scroll Shoppe.
 11172 | Bazaar   | Found Zehung's Book Shop.
 11187 | Bazaar   | Found Gemmig's Antique Armour Shop.
 11199 | Bazaar   | Bought a pair of masterwork boots for 190 gold pieces
 11199 | Bazaar   | Identified the +1 pair of boots of the Black Moon {rElec
                  | rC+ Str+2} (You bought it in a shop in a bazaar)
 11208 | Bazaar   | Bought the Incunable of Chthonic Fascination for 242 gold
                  | pieces
 11228 | Bazaar   | Bought a potion of curing for 45 gold pieces
 11228 | Bazaar   | Bought a potion of heal wounds for 75 gold pieces
 11276 | D:11     | Learned a level 4 spell: Animate Armour
 11366 | D:11     | Found Raatt's Assorted Antiques.
 11387 | D:11     | Bought a scroll labelled DONTIG SAILIO for 30 gold pieces
 11917 | D:12     | Noticed a boulder beetle
 11922 | D:12     | Killed a boulder beetle
 12146 | D:12     | Reached ***** piety under Cheibriados
 12169 | D:12     | Found Etuaj's Jewellery Boutique.
 12839 | D:13     | Reached skill level 10 in Invocations
 12839 | D:13     | Reached XP level 13. HP: 81/101 MP: 22/26
 12840 | D:13     | Reached skill level 14 in Earth Magic
 12907 | D:13     | Found a gate to the Vaults.
 12907 | D:13     | Noticed a vault guard
 12913 | D:13     | Killed a vault guard
 13296 | D:13     | Noticed a tengu reaver
 13447 | Lair:1   | Entered Level 1 of the Lair of Beasts
 13520 | Lair:1   | Noticed Urug
 13527 | Lair:1   | Killed Urug
 13528 | Lair:1   | Reached skill level 10 in Fighting
 14227 | Lair:2   | Noticed a five-headed hydra
 14238 | Lair:2   | Killed a three-headed hydra
 14425 | Lair:2   | Reached ****** piety under Cheibriados
 14703 | Lair:2   | Reached XP level 14. HP: 46/111 MP: 23/27
 14804 | Lair:2   | Noticed Gastronok
 14820 | Lair:2   | Killed Gastronok
 14821 | Lair:2   | Reached skill level 10 in Spellcasting
 15037 | Lair:2   | Found a staircase to the Snake Pit.
 16082 | Lair:3   | Reached skill level 5 in Dodging
 16132 | Lair:3   | Reached skill level 15 in Earth Magic
 16328 | Lair:3   | Found a staircase to the Shoals.
 16772 | Lair:4   | Found a shimmering altar of Xom.
 17637 | Lair:5   | Entered Level 5 of the Lair of Beasts
 17659 | Lair:5   | Reached skill level 1 in Necromancy
 17684 | Lair:5   | Found a dark tunnel.
 17711 | Volcano  | Entered a volcano
 17764 | Volcano  | Reached XP level 15. HP: 119/119 MP: 24/29
 18708 | Lair:5   | Found a staircase to the Slime Pits.
 18709 | Lair:5   | Found a viscous altar of Jiyva.
 18914 | Lair:5   | Reached skill level 16 in Earth Magic
 18930 | Lair:5   | Reached skill level 10 in Armour
 19335 | Lair:5   | Reached XP level 16. HP: 105/127 MP: 12/31
 19953 | Orc:1    | Entered Level 1 of the Orcish Mines
 20513 | Orc:2    | Entered Level 2 of the Orcish Mines
 20611 | Orc:2    | Found Coiruel's General Store.
 20614 | Orc:2    | Found Haupitre's Specific Store.
 20833 | Orc:2    | Found a staircase to the Elven Halls.
 21111 | Orc:2    | Found Negieliq's Weapon Shop.
 21111 | Orc:2    | Found Xojired's Armour Shoppe.
 21113 | Orc:2    | Found Babbuy's Antique Armour Emporium.
 21115 | Orc:2    | Found Kymamat's Armour Boutique.
 21137 | Orc:2    | Bought the +7 plate armour "Yriecua" {Drain Int+5} for 1048
                  | gold pieces
 21663 | D:13     | Learned a level 2 spell: Sublimation of Blood
 21676 | D:13     | Reached skill level 5 in Necromancy
 22090 | D:13     | Killed from afar by a tengu reaver

Illustrated notes

Levels and vault maps discovered:
D:1:      wander_arrival_desolate, layout_basic
D:2:      layout_rooms, serial_co_window_serial, co_window_corner_a,
          co_window_of_opportunity_a, co_window_paths_a, co_window_paths_a,
          co_window_corner_a, co_window_2corner, co_window_of_opportunity_b,
          co_window_of_opportunity_c, co_window_broadway_b, co_window_4corner_a,
          co_window_sun
D:3:      layout_basic, nicolae_dithmenos_shadow_blocks,
          eat_drink_and_be_merry_uskayaw, lightli_sewer_entry_pipes,
          shapermc_ecumenical_altar_ellora, minmay_misc_feat_ornament,
          minmay_circle_x, uniq_grinder
D:4:      lemuel_castle_with_subvaults [lemuel_castle_interior_carwin_1],
          layout_basic, okawaru_ov_weapons_minmay, serial_shops,
          nicolae_stop_n_shop_2, minmay_ruined_shrine, uniq_pikel,
          uniq_eustachio, uniq_duvessa, uniq_blork_the_orc
D:5:      layout_rooms, grunt_ministairs_10, uniq_prince_ribbit1
D:6:      layout_gridville, nicolae_qazlal_beasts_of_the_sky,
          nicolae_sif_muna_condensation, minmay_temple_entry_mist, uniq_sigmund
D:7:      layout_basic, old_standard_altar, bloody_makhleb,
          mainiacjoe_overflow_concentric_impassable, kennysheep_windowed_goal,
          uniq_maggie
D:8:      layout_rooms, lemuel_tele_altar
D:9:      layout_loops_ring, dpeg_oklobed_lair, uniq_joseph, uniq_grum
D:10:     layout_loops_cross, mainiacjoe_overflow_paths, amcnicky_altar_gilded,
          fedhas_altar_fruit_tree, david_orc_3
D:11:     layout_loops_ring, serial_shops, bzr_entry_islet, nicolae_square_shop
D:12:     layout_long_grid, serial_shops, shop
D:13:     minmay_containers, layout_long_grid, grunt_vaults_entry_tiered,
          kennysheep_generic_room_2
Temple:   cyrus_temple_forest
Lair:1:   layout_hall_layers, uniq_urug
Lair:2:   nzn_winding_woodlands_small [nzn_winding_woodlands_5x15_pool,
          nzn_winding_woodlands_center_pierced_h,
          nzn_winding_woodlands_5x15_split_checker], layout_long_grid,
          minmay_snake_entry_guardpost_small, uniq_gastronok
Lair:3:   hellmonk_destroyed_diamonds, layout_gridlike, minmay_shoals_entry_hut
Lair:4:   layout_small_grid, basic_altar
Lair:5:   due_jungle_book, layout_misc_corridors, slime_entry_1,
          enter_volcano_1, lookout_lair_type, grunt_megastairs_3
Orc:1:    layout_caves, basic_altar
Orc:2:    st_orc_rangers, layout_diamond_mine, nicolae_specific_store

Skill      XL: |  1  2  3  4  5  6  7  8  9 10 11 12 13 14 15 16 |
---------------+-------------------------------------------------+-----
Earth Magic    | 4 5 8 10 12 13 14 15 16 | 16.6
Conjurations   | 1 2 3 |  3.0
Fighting       | 1 2 4 6 7 8 9 10 11 12 | 12.5
Shields        | 1 2 3 5 7 8 |  8.4
Transmutations | 2 3 |  3.0
Spellcasting   | 3 4 6 7 8 9 10 11 | 11.7
Invocations    | 3 7 10 12 13 | 13.0
Armour         | 3 5 6 7 9 10 | 10.5
Dodging        | 2 4 5 7 |  7.4
Necromancy     | 1 4 5 |  5.2
Stealth        | |  2.4

Action                     |  1- 3 |  4- 6 |  7- 9 | 10-12 | 13-15 | 16-18 || total
---------------------------+-------+-------+-------+-------+-------+-------++-------
  Melee: Dagger            |     3 |       |       |    14 |   160 |   233 ||   410
         Quarterstaff      |       |    35 |       |       |       |       ||    35
         Long sword        |       |     1 |       |       |       |       ||     1
         Scimitar          |       |       |       |       |     2 |       ||     2
  Throw: Dart              |       |       |       |     7 |     3 |       ||    10
   Cast: Sandblast         |    50 |   103 |   218 |   359 |   452 |    46 ||  1228
         Stone Arrow       |       |       |       |     5 |    15 |    18 ||    38
         Animate Armour    |       |       |       |    14 |    53 |    25 ||    92
 Invoke: Slouch            |       |       |       |     1 |       |       ||     1
         Bend Time         |       |       |       |       |     1 |       ||     1
Ability: Dig               |       |       |       |     1 |     1 |     1 ||     3
  Evoke: Wand              |       |       |     2 |     4 |     3 |       ||     9
    Use: Potion            |       |     2 |       |       |     3 |     1 ||     6
         Scroll            |       |       |     8 |    10 |     8 |       ||    26
   Stab: Distracted        |       |       |       |       |     2 |       ||     2
 Armour: Robe              |     5 |       |       |       |       |       ||     5
         Leather armour    |     4 |    51 |     5 |       |       |       ||    60
         Ring mail         |       |       |    21 |     3 |       |       ||    24
         Chain mail        |       |       |       |    13 |   121 |   103 ||   237
         Swamp dragon scal |       |       |       |   117 |   162 |       ||   279
         Plate armour      |       |       |       |       |    32 |    42 ||    74
  Dodge: Dodged            |    18 |    77 |    45 |   133 |   438 |   212 ||   923
  Block: Buckler           |     2 |    24 |    28 |    69 |   268 |   276 ||   667
         Reflection        |       |       |       |       |       |    64 ||    64
